Flyers vs Bruins

Created - October-30-12 at 18:15

Goals
1 2 3 T
Flyers 1 1 0 2
Bruins 0 0 0 0
Shots
1 2 3 T
Flyers 5 9 4 18
Bruins 8 5 4 17

1st period

1. Flyers , Steve Sullivan 2 (Kevin Bieksa, Chris Pronger) at 14:50

Penalties :
Milan Lucic (BOS) for Charging (Double Minor) at 2:00, Ladislav Smid (PHI) for Holding (Minor) at 2:00, Brian Lee (PHI) for Roughing (Minor) at 10:24

2nd period

2. Flyers , Chris Pronger 2 (Marc-Andre Bergeron, Kevin Bieksa) at 16:58 (PP)

Penalties :
Nathan Horton (BOS) for Hooking (Minor) at 3:19, Dennis Seidenberg (BOS) for Holding (Minor) at 4:41, Gabriel Bourque (PHI) for Tripping (Minor) at 6:48, David Schlemko (BOS) for Holding (Minor) at 9:43, Brad Marchand (BOS) for Tripping (Minor) at 15:54

3rd period

No Goal

Penalties :
David Steckel (PHI) for High sticking (Minor) at 12:19, Brian Lee (PHI) for Holding (Minor) at 14:39, Brian Lee (PHI) for Tripping (Minor) at 16:44

Goalie Stats

Al Montoya (PHI), 17 saves from 17 shots - (1.000), W, 3-3-3, 60:00 minutes
Tuukka Rask (BOS), 16 saves from 18 shots - (0.889), L, 0-1-0, 60:00 minutes

Players Stats for Flyers

Player Name              G  A  P  +/- PIM S  H  SB GA TA FO     MP     PP MP  PK MP  
------------------------------------------------------------------------------------
Andreas Lilja            0  0  0   0  0   0  0  0  0  0  0/0    12:03   0:00   0:46 
Brian Lee                0  0  0   0  6   0  0  1  0  0  0/0    12:08   0:00   0:00 
Chris Pronger            1  1  2   1  0   2  1  2  0  0  0/0    25:55   4:08   4:20 
David Steckel            0  0  0   0  2   2  3  0  0  0  4/12   14:11   0:00   3:00 
Gabriel Bourque          0  0  0   0  2   2  0  0  0  0  0/1    11:29   0:00   1:12 
John Madden              0  0  0   0  0   0  0  0  0  0  1/1     2:06   0:00   1:45 
Justin Williams          0  0  0   0  0   1  0  0  0  0  1/1    23:25   4:08   4:05 
Kevin Bieksa             0  2  2   1  0   1  4  2  0  0  0/0    25:44   4:08   4:09 
Kyle Brodziak            0  0  0   0  0   0  3  0  0  0  22/33  24:41   4:08   5:10 
Kyle Okposo              0  0  0   1  0   3  0  0  0  0  10/16  19:22   4:16   0:00 
Ladislav Smid            0  0  0   0  2   2  3  3  0  0  0/0    21:16   4:16   4:58 
Luke Schenn              0  0  0   0  0   0  1  1  0  0  0/0    17:31   0:00   4:34 
Marc-Andre Bergeron      0  1  1   0  0   0  0  0  0  0  1/3    24:14   4:08   4:22 
Niklas Hagman            0  0  0   0  0   1  0  0  0  0  0/0    10:34   0:00   0:16 
Nikolai Kulemin          0  0  0   1  0   0  1  0  0  0  2/2    19:01   4:16   0:00 
Philip Larsen            0  0  0   0  0   0  0  0  0  0  0/0     1:03   0:00   1:03 
Ryan Ellis               0  0  0   0  0   2  0  0  0  0  0/0     4:16   4:16   0:00 
Steve Sullivan           1  0  1   1  0   2  0  0  0  0  1/3    19:01   4:16   0:00 

Players Stats for Bruins

Player Name              G  A  P  +/- PIM S  H  SB GA TA FO     MP     PP MP  PK MP  
------------------------------------------------------------------------------------
Ales Hemsky              0  0  0   0  0   0  0  0  0  0  0/0    11:38   0:00   4:46 
Brad Marchand            0  0  0   0  2   0  3  0  0  0  0/0    15:49   4:38   0:37 
Chris Kelly              0  0  0   0  0   2  0  0  0  0  5/6     6:58   0:00   0:06 
David Krejci             0  0  0   0  0   1  0  0  0  0  7/18   17:04   4:38   2:29 
David Schlemko           0  0  0   0  2   0  5  0  0  0  0/0    13:25   0:00   1:17 
Dennis Seidenberg        0  0  0   0  2   1  0  0  0  0  0/0    24:20   5:15   3:50 
Evander Kane             0  0  0  -1  0   4  2  0  0  0  0/1    20:33   5:17   0:00 
Jordan Caron             0  0  0   0  0   0  0  0  0  0  0/0     6:52   0:00   0:00 
Milan Lucic              0  0  0   0  4   2  0  0  0  0  0/0     8:57   0:00   0:00 
Nathan Horton            0  0  0   0  2   1  0  0  0  0  0/0    11:34   0:00   2:37 
Oliver Ekman-Larsson     0  0  0  -1  0   0  0  2  0  0  0/0    22:13   4:40   3:16 
Patrice Bergeron         0  0  0  -1  0   3  1  0  0  0  11/24  21:10   5:17   0:37 
Rich Peverley            0  0  0   0  0   1  0  1  0  0  3/11   19:13   4:38   4:59 
Ryan Nugent-Hopkins      0  0  0   0  0   0  1  0  0  0  4/12    9:36   0:00   0:00 
Tobias Enstrom           0  0  0   0  0   0  0  1  0  0  0/0    12:09   0:00   0:00 
Tyler Seguin             0  0  0  -1  0   1  0  0  0  0  0/0    19:33   5:17   0:00 
Zach Bogosian            0  0  0  -1  0   0  1  1  0  0  0/0    22:13   4:40   3:16 
Zdeno Chara              0  0  0   0  0   1  1  0  0  0  0/0    25:38   5:15   5:08 

3 Stars

1 - Al Montoya (PHI)
2 - Chris Pronger (PHI)
3 - Kevin Bieksa (PHI)

Power Play

Flyers - 1 on 5 Attempt(s) - 20.00%
Bruins - 0 on 5 Attempt(s) - 0.00%

Penalty Kill

Flyers - 5 on 5 Attempt(s) - 100.00% - Score 0 goal in Penalty Kill
Bruins - 4 on 5 Attempt(s) - 80.00% - Score 0 goal in Penalty Kill

Official

Referees : Graham Skiliter and Dan O'Rourke
Linesman : Dan Schachte and Bryan Pancich

Game Notes

No Game Note

Finance

Level 1 -- Attendance: 3551 (54.63%) -- Ticket Income $585,915
Level 2 -- Attendance: 2452 (49.04%) -- Ticket Income $306,500
Level 3 -- Attendance: 2070 (59.14%) -- Ticket Income $165,600
Level 4 -- Attendance: 1565 (100.00%) -- Ticket Income $78,250
Luxury Box -- Attendance: 400 (40.00%) -- Ticket Income $260,000
Game was played at the TD Garden
Total Attendance: 10038 (57.15%)
Total Ticket Income: $1,396,265
Other Income: $209,440
Total Income: $1,605,705


% Time on Ice - Flyers

Lines # - Real PCT - Wanted PCT - Time Play
Normal Forward
1 - 36% - 40% - 14:18
2 - 37% - 30% - 14:45
3 - 26% - 20% - 10:18
4 - 1% - 10% - 0:21
Normal Defense
1 - 41% - 50% - 16:22
2 - 30% - 35% - 12:03
3 - 28% - 15% - 11:17
4 - 0% - 0% - 0:00
PP Forward
1 - 49% - 60% - 4:08
2 - 51% - 40% - 4:16
PP Defense
1 - 49% - 67% - 4:08
2 - 51% - 33% - 4:16
PK Forward
1 - 59% - 60% - 5:50
2 - 41% - 40% - 4:05
PK Defense
1 - 47% - 60% - 4:41
2 - 53% - 40% - 5:14
PK3 Forward
1 - 0% - 60%
2 - 0% - 40%
PK3 Defense
1 - 0% - 60%
2 - 0% - 40%
44 Forward
1 - 55% - 60% - 1:05
2 - 45% - 40% - 0:54
44 Defense
1 - 55% - 60% - 1:05
2 - 45% - 40% - 0:54
Last Minute Offensive  - 0:00
Last Minute Defensive  - 0:00
Total
Forward - 60:00
Defense - 60:00

% Time on Ice - Bruins

Lines # - Real PCT - Wanted PCT - Time Play
Normal Forward
1 - 36% - 40% - 14:16
2 - 24% - 30% - 9:36
3 - 23% - 20% - 8:58
4 - 17% - 10% - 6:52
Normal Defense
1 - 36% - 40% - 14:15
2 - 34% - 30% - 13:18
3 - 31% - 20% - 12:09
4 - 0% - 10% - 0:00
PP Forward
1 - 53% - 60% - 5:17
2 - 47% - 40% - 4:38
PP Defense
1 - 53% - 60% - 5:15
2 - 47% - 40% - 4:40
PK Forward
1 - 68% - 60% - 5:18
2 - 32% - 40% - 2:29
PK Defense
1 - 62% - 60% - 4:48
2 - 38% - 40% - 2:59
PK3 Forward
1 - 100% - 60% - 0:37
2 - 0% - 40% - 0:00
PK3 Defense
1 - 54% - 60% - 0:20
2 - 46% - 40% - 0:17
44 Forward
1 - 50% - 60% - 1:00
2 - 50% - 40% - 0:59
44 Defense
1 - 50% - 60% - 1:00
2 - 50% - 40% - 0:59
Last Minute Offensive  - 0:00
Last Minute Defensive  - 0:00
Total
Forward - 60:00
Defense - 60:00

Play by Play

1st period


0:01 of 1st period - Kyle Brodziak wins face-off versus Patrice Bergeron in neutral zone.
0:26 of 1st period - Patrice Bergeron is hit by Kyle Brodziak.
1:07 of 1st period - Icing by Zach Bogosian.
1:08 of 1st period - Ryan Nugent-Hopkins wins face-off versus David Steckel in Bruins zone.
1:33 of 1st period - Shot by Gabriel Bourque.
1:33 of 1st period - Stopped by Tuukka Rask with a rebound.
1:52 of 1st period - Off-side.
1:53 of 1st period - Kyle Okposo wins face-off versus David Krejci in neutral zone.
2:00 of 1st period - Double Minor Penalty to Milan Lucic for Charging.
2:00 of 1st period - Minor Penalty to Ladislav Smid for Holding.
2:01 of 1st period - Patrice Bergeron wins face-off versus Kyle Brodziak in Flyers zone.
2:06 of 1st period - Shot by Evander Kane.
2:06 of 1st period - Stopped by Al Montoya without a rebound.
2:07 of 1st period - Patrice Bergeron wins face-off versus Kyle Brodziak in Flyers zone.
4:30 of 1st period - Shot by Ladislav Smid.
4:30 of 1st period - Shot Misses the Net.
5:18 of 1st period - Icing by Kevin Bieksa.
5:19 of 1st period - Kyle Brodziak wins face-off versus Rich Peverley in Flyers zone.
5:36 of 1st period - Shot by Justin Williams.
5:36 of 1st period - Shot Hit the Post.
6:18 of 1st period - Shot by Patrice Bergeron.
6:18 of 1st period - Shot Misses the Net.
6:20 of 1st period - Shot by Evander Kane.
6:20 of 1st period - Stopped by Al Montoya without a rebound.
6:21 of 1st period - Nikolai Kulemin wins face-off versus Ryan Nugent-Hopkins in Flyers zone.
6:35 of 1st period - Shot by Kyle Okposo.
6:35 of 1st period - Shot Misses the Net.
6:41 of 1st period - Shot by Kyle Okposo.
6:41 of 1st period - Stopped by Tuukka Rask without a rebound.
6:42 of 1st period - Patrice Bergeron wins face-off versus David Steckel in Bruins zone.
6:42 of 1st period - Patrice Bergeron is hit by David Steckel.
7:01 of 1st period - Icing by Dennis Seidenberg.
7:02 of 1st period - John Madden wins face-off versus Patrice Bergeron in Bruins zone.
7:02 of 1st period - John Madden is hit by Zdeno Chara.
7:22 of 1st period - Shot by Tyler Seguin.
7:22 of 1st period - Stopped by Al Montoya without a rebound.
7:23 of 1st period - David Krejci wins face-off versus David Steckel in Flyers zone.
7:23 of 1st period - Zach Bogosian is hit by Luke Schenn and loses puck.
7:28 of 1st period - Shot by Milan Lucic.
7:28 of 1st period - Stopped by Al Montoya without a rebound.
7:29 of 1st period - David Krejci wins face-off versus Steve Sullivan in Flyers zone.
7:58 of 1st period - Shot by David Krejci.
7:58 of 1st period - Shot Hit the Post.
8:08 of 1st period - Shot by Nathan Horton.
8:08 of 1st period - Shot Misses the Net.
8:12 of 1st period - Shot by Nathan Horton.
8:12 of 1st period - Shot Misses the Net.
8:33 of 1st period - Chris Pronger is hit by Patrice Bergeron and loses puck.
9:23 of 1st period - Icing by David Schlemko.
9:24 of 1st period - Kyle Brodziak wins face-off versus Ryan Nugent-Hopkins in Bruins zone.
9:25 of 1st period - Shot by Justin Williams.
9:25 of 1st period - Stopped by Tuukka Rask without a rebound.
9:26 of 1st period - Kyle Brodziak wins face-off versus Ryan Nugent-Hopkins in Bruins zone.
10:24 of 1st period - Minor Penalty to Brian Lee for Roughing.
10:25 of 1st period - Patrice Bergeron wins face-off versus Kyle Brodziak in Flyers zone.
10:26 of 1st period - Shot by Zdeno Chara.
10:26 of 1st period - Shot Misses the Net.
10:34 of 1st period - Shot by Zdeno Chara.
10:34 of 1st period - Shot Misses the Net.
10:36 of 1st period - Shot by Zdeno Chara.
10:36 of 1st period - Shot Blocked by Ladislav Smid.
10:38 of 1st period - Shot by Zdeno Chara.
10:38 of 1st period - Deflect By Tyler Seguin.
10:38 of 1st period - Shot Misses the Net.
11:38 of 1st period - Shot by David Krejci.
11:38 of 1st period - Shot Misses the Net.
12:10 of 1st period - Shot by Tyler Seguin.
12:10 of 1st period - Shot Misses the Net.
12:12 of 1st period - Shot by Zdeno Chara.
12:12 of 1st period - Stopped by Al Montoya without a rebound.
12:13 of 1st period - Kyle Brodziak wins face-off versus David Krejci in Flyers zone.
12:28 of 1st period - Shot by Brad Marchand.
12:28 of 1st period - Deflect By Chris Kelly.
12:28 of 1st period - Stopped by Al Montoya without a rebound.
12:29 of 1st period - Chris Kelly wins face-off versus Kyle Okposo in Flyers zone.
13:09 of 1st period - Icing by Chris Kelly.
13:10 of 1st period - Chris Kelly wins face-off versus David Steckel in Bruins zone.
13:34 of 1st period - Off-side.
13:35 of 1st period - Patrice Bergeron wins face-off versus Kyle Brodziak in neutral zone.
13:45 of 1st period - Icing by Brian Lee.
13:46 of 1st period - Kyle Brodziak wins face-off versus David Krejci in Flyers zone.
14:50 of 1st period - Shot by Steve Sullivan.
14:50 of 1st period - Goal by Steve Sullivan - Flyers : 1 - Bruins : 0.
14:51 of 1st period - David Steckel wins face-off versus Ryan Nugent-Hopkins in neutral zone.
15:18 of 1st period - Off-side.
15:19 of 1st period - Kyle Okposo wins face-off versus Evander Kane in neutral zone.
15:30 of 1st period - Shot by Kyle Okposo.
15:30 of 1st period - Stopped by Tuukka Rask with a rebound.
15:35 of 1st period - Off-side.
15:36 of 1st period - David Krejci wins face-off versus Marc-Andre Bergeron in neutral zone.
15:44 of 1st period - Nathan Horton is hit by Ladislav Smid and loses puck.
15:53 of 1st period - Shot by David Krejci.
15:53 of 1st period - Deflect By Milan Lucic.
15:53 of 1st period - Stopped by Al Montoya without a rebound.
15:54 of 1st period - Steve Sullivan wins face-off versus Patrice Bergeron in Flyers zone.
16:33 of 1st period - Shot by Patrice Bergeron.
16:33 of 1st period - Shot Blocked by Chris Pronger.
16:35 of 1st period - Shot by Patrice Bergeron.
16:35 of 1st period - Shot Misses the Net.
18:09 of 1st period - Shot by Nathan Horton.
18:09 of 1st period - Stopped by Al Montoya with a rebound.
18:18 of 1st period - Icing by Andreas Lilja.
18:19 of 1st period - Chris Kelly wins face-off versus David Steckel in Flyers zone.
19:28 of 1st period - Shot by Kyle Okposo.
19:28 of 1st period - Shot Blocked by Zach Bogosian.

2nd period


0:01 of 2nd period - Kyle Brodziak wins face-off versus Patrice Bergeron in neutral zone.
0:01 of 2nd period - Chris Pronger is hit by Evander Kane and loses puck.
0:43 of 2nd period - Icing by Kevin Bieksa.
0:44 of 2nd period - Kyle Brodziak wins face-off versus Ryan Nugent-Hopkins in Flyers zone.
1:11 of 2nd period - Shot by Gabriel Bourque.
1:11 of 2nd period - Stopped by Tuukka Rask with a rebound.
1:13 of 2nd period - Shot by Niklas Hagman.
1:13 of 2nd period - Shot Misses the Net.
1:15 of 2nd period - Shot by Niklas Hagman.
1:15 of 2nd period - Stopped by Tuukka Rask without a rebound.
1:16 of 2nd period - Kyle Okposo wins face-off versus David Krejci in Bruins zone.
1:21 of 2nd period - Shot by Kyle Okposo.
1:21 of 2nd period - Stopped by Tuukka Rask without a rebound.
1:22 of 2nd period - Kyle Okposo wins face-off versus Patrice Bergeron in Bruins zone.
2:04 of 2nd period - Off-side.
2:05 of 2nd period - Kyle Brodziak wins face-off versus Ryan Nugent-Hopkins in neutral zone.
2:08 of 2nd period - Zach Bogosian is hit by Kevin Bieksa and loses puck.
2:20 of 2nd period - Oliver Ekman-Larsson is hit by Kevin Bieksa and loses puck.
3:19 of 2nd period - Minor Penalty to Nathan Horton for Hooking.
3:20 of 2nd period - Kyle Okposo wins face-off versus Rich Peverley in Bruins zone.
3:34 of 2nd period - Icing by Ladislav Smid.
3:35 of 2nd period - Rich Peverley wins face-off versus Kyle Okposo in Flyers zone.
4:26 of 2nd period - Shot by Kevin Bieksa.
4:26 of 2nd period - Stopped by Tuukka Rask without a rebound.
4:27 of 2nd period - Kyle Brodziak wins face-off versus Rich Peverley in Bruins zone.
4:41 of 2nd period - Minor Penalty to Dennis Seidenberg for Holding.
4:42 of 2nd period - Justin Williams wins face-off versus Patrice Bergeron in Bruins zone.
5:03 of 2nd period - Shot by Kevin Bieksa.
5:03 of 2nd period - Shot Misses the Net.
6:37 of 2nd period - Shot by Chris Pronger.
6:37 of 2nd period - Stopped by Tuukka Rask without a rebound.
6:38 of 2nd period - Kyle Okposo wins face-off versus Rich Peverley in Bruins zone.
6:48 of 2nd period - Minor Penalty to Gabriel Bourque for Tripping.
6:49 of 2nd period - Kyle Brodziak wins face-off versus Patrice Bergeron in Flyers zone.
7:04 of 2nd period - Shot by Patrice Bergeron.
7:04 of 2nd period - Deflect By Evander Kane.
7:04 of 2nd period - Stopped by Al Montoya without a rebound.
7:05 of 2nd period - Kyle Brodziak wins face-off versus David Krejci in Flyers zone.
7:20 of 2nd period - Shot by Zdeno Chara.
7:20 of 2nd period - Shot Blocked by Kevin Bieksa.
7:22 of 2nd period - Shot by Dennis Seidenberg.
7:22 of 2nd period - Stopped by Al Montoya without a rebound.
7:23 of 2nd period - Patrice Bergeron wins face-off versus David Steckel in Flyers zone.
7:35 of 2nd period - Patrice Bergeron is hit by Ladislav Smid and loses puck.
7:49 of 2nd period - Icing by Zach Bogosian.
7:50 of 2nd period - Kyle Brodziak wins face-off versus Patrice Bergeron in Bruins zone.
8:10 of 2nd period - Shot by Tyler Seguin.
8:10 of 2nd period - Shot Misses the Net.
8:14 of 2nd period - Shot by Evander Kane.
8:14 of 2nd period - Deflect By Tyler Seguin.
8:14 of 2nd period - Shot Misses the Net.
8:16 of 2nd period - Shot by Oliver Ekman-Larsson.
8:16 of 2nd period - Shot Blocked by Kevin Bieksa.
8:18 of 2nd period - Shot by Tyler Seguin.
8:18 of 2nd period - Deflect By Patrice Bergeron.
8:18 of 2nd period - Stopped by Al Montoya without a rebound.
8:19 of 2nd period - David Steckel wins face-off versus David Krejci in Flyers zone.
8:19 of 2nd period - David Steckel is hit by Brad Marchand.
8:51 of 2nd period - Shot by Chris Kelly.
8:51 of 2nd period - Shot Misses the Net.
9:05 of 2nd period - Shot by Steve Sullivan.
9:05 of 2nd period - Stopped by Tuukka Rask with a rebound.
9:14 of 2nd period - Steve Sullivan is hit by David Schlemko and loses puck.
9:22 of 2nd period - Kyle Okposo is hit by David Schlemko and loses puck.
9:43 of 2nd period - Minor Penalty to David Schlemko for Holding.
9:44 of 2nd period - Rich Peverley wins face-off versus Kyle Brodziak in Bruins zone.
10:23 of 2nd period - Icing by Marc-Andre Bergeron.
10:24 of 2nd period - Kyle Brodziak wins face-off versus Rich Peverley in Flyers zone.
10:31 of 2nd period - Shot by Marc-Andre Bergeron.
10:31 of 2nd period - Deflect By Justin Williams.
10:31 of 2nd period - Shot Misses the Net.
11:07 of 2nd period - Shot by Ryan Ellis.
11:07 of 2nd period - Stopped by Tuukka Rask without a rebound.
11:08 of 2nd period - Nikolai Kulemin wins face-off versus Rich Peverley in Bruins zone.
12:02 of 2nd period - Shot by Patrice Bergeron.
12:02 of 2nd period - Stopped by Al Montoya with a rebound.
13:12 of 2nd period - Shot by David Krejci.
13:12 of 2nd period - Deflect By Milan Lucic.
13:12 of 2nd period - Shot Misses the Net.
13:17 of 2nd period - David Krejci is hit by Chris Pronger and loses puck.
13:27 of 2nd period - Marc-Andre Bergeron is hit by Brad Marchand and loses puck.
13:46 of 2nd period - Shot by Brad Marchand.
13:46 of 2nd period - Shot Blocked by Chris Pronger.
13:48 of 2nd period - Shot by Brad Marchand.
13:48 of 2nd period - Shot Misses the Net.
13:50 of 2nd period - Shot by Brad Marchand.
13:50 of 2nd period - Shot Misses the Net.
13:52 of 2nd period - Shot by Rich Peverley.
13:52 of 2nd period - Stopped by Al Montoya without a rebound.
13:53 of 2nd period - Kyle Okposo wins face-off versus Patrice Bergeron in Flyers zone.
13:55 of 2nd period - Icing by Ladislav Smid.
13:56 of 2nd period - Kyle Okposo wins face-off versus Patrice Bergeron in Flyers zone.
14:53 of 2nd period - Shot by Justin Williams.
14:53 of 2nd period - Shot Misses the Net.
14:55 of 2nd period - Shot by Justin Williams.
14:55 of 2nd period - Shot Misses the Net.
14:58 of 2nd period - Justin Williams is hit by David Schlemko and loses puck.
15:03 of 2nd period - Shot by Kyle Brodziak.
15:03 of 2nd period - Shot Blocked by Tobias Enstrom.
15:54 of 2nd period - Minor Penalty to Brad Marchand for Tripping.
15:55 of 2nd period - Rich Peverley wins face-off versus Steve Sullivan in Bruins zone.
16:03 of 2nd period - Icing by Nikolai Kulemin.
16:04 of 2nd period - Kyle Okposo wins face-off versus Rich Peverley in Flyers zone.
16:16 of 2nd period - Shot by Ladislav Smid.
16:16 of 2nd period - Deflect By Kyle Okposo.
16:16 of 2nd period - Shot Misses the Net.
16:28 of 2nd period - Shot by Ryan Ellis.
16:28 of 2nd period - Stopped by Tuukka Rask without a rebound.
16:29 of 2nd period - Marc-Andre Bergeron wins face-off versus Rich Peverley in Bruins zone.
16:50 of 2nd period - Shot by Chris Pronger.
16:50 of 2nd period - Shot Misses the Net.
16:52 of 2nd period - Shot by Marc-Andre Bergeron.
16:52 of 2nd period - Shot Blocked by Rich Peverley.
16:54 of 2nd period - Shot by Chris Pronger.
16:54 of 2nd period - Shot Misses the Net.
16:58 of 2nd period - Shot by Chris Pronger.
16:58 of 2nd period - Goal by Chris Pronger - Flyers : 2 - Bruins : 0.
16:59 of 2nd period - David Krejci wins face-off versus Kyle Okposo in neutral zone.
17:20 of 2nd period - Shot by David Krejci.
17:20 of 2nd period - Shot Misses the Net.
18:04 of 2nd period - Patrice Bergeron is hit by Nikolai Kulemin.
18:32 of 2nd period - Off-side.
18:33 of 2nd period - Ryan Nugent-Hopkins wins face-off versus Marc-Andre Bergeron in neutral zone.
18:56 of 2nd period - Icing by Chris Pronger.
18:57 of 2nd period - Kyle Brodziak wins face-off versus Chris Kelly in Flyers zone.
19:55 of 2nd period - Icing by Tyler Seguin.
19:56 of 2nd period - Patrice Bergeron wins face-off versus David Steckel in Bruins zone.

3rd period


0:01 of 3rd period - Patrice Bergeron wins face-off versus Kyle Brodziak in neutral zone.
0:13 of 3rd period - Zdeno Chara is hit by Kyle Brodziak and loses puck.
1:44 of 3rd period - Shot by David Steckel.
1:44 of 3rd period - Stopped by Tuukka Rask without a rebound.
1:45 of 3rd period - Ryan Nugent-Hopkins wins face-off versus David Steckel in Bruins zone.
1:45 of 3rd period - Rich Peverley is hit by David Steckel and loses puck.
1:54 of 3rd period - Shot by Rich Peverley.
1:54 of 3rd period - Deflect By Brad Marchand.
1:54 of 3rd period - Shot Blocked by Brian Lee.
1:56 of 3rd period - Shot by Rich Peverley.
1:56 of 3rd period - Shot Misses the Net.
2:27 of 3rd period - Shot by Rich Peverley.
2:27 of 3rd period - Shot Misses the Net.
2:48 of 3rd period - Kyle Brodziak is hit by David Schlemko.
3:14 of 3rd period - Shot by David Krejci.
3:14 of 3rd period - Shot Misses the Net.
3:16 of 3rd period - Shot by David Krejci.
3:16 of 3rd period - Shot Misses the Net.
3:29 of 3rd period - Kevin Bieksa is hit by Zach Bogosian and loses puck.
3:35 of 3rd period - Off-side.
3:36 of 3rd period - Chris Kelly wins face-off versus Kyle Okposo in neutral zone.
3:53 of 3rd period - Shot by Chris Kelly.
3:53 of 3rd period - Stopped by Al Montoya with a rebound.
3:55 of 3rd period - Shot by Chris Kelly.
3:55 of 3rd period - Shot Blocked by Ladislav Smid.
4:10 of 3rd period - Chris Kelly is hit by Ladislav Smid and loses puck.
4:18 of 3rd period - Icing by Luke Schenn.
4:19 of 3rd period - Kyle Okposo wins face-off versus Ryan Nugent-Hopkins in Flyers zone.
4:46 of 3rd period - Icing by Chris Pronger.
4:47 of 3rd period - Patrice Bergeron wins face-off versus Gabriel Bourque in Flyers zone.
5:15 of 3rd period - Chris Pronger is hit by Evander Kane and loses puck.
5:26 of 3rd period - Off-side.
5:27 of 3rd period - Kyle Brodziak wins face-off versus Ryan Nugent-Hopkins in neutral zone.
5:27 of 3rd period - Marc-Andre Bergeron is hit by Brad Marchand.
5:46 of 3rd period - Icing by Brian Lee.
5:47 of 3rd period - David Krejci wins face-off versus Kyle Brodziak in Flyers zone.
6:00 of 3rd period - Shot by Marc-Andre Bergeron.
6:00 of 3rd period - Shot Misses the Net.
6:02 of 3rd period - Shot by Marc-Andre Bergeron.
6:02 of 3rd period - Shot Blocked by Oliver Ekman-Larsson.
7:05 of 3rd period - Icing by David Krejci.
7:06 of 3rd period - David Steckel wins face-off versus David Krejci in Bruins zone.
7:35 of 3rd period - Shot by Gabriel Bourque.
7:35 of 3rd period - Shot Blocked by Oliver Ekman-Larsson.
7:37 of 3rd period - Shot by Ladislav Smid.
7:37 of 3rd period - Stopped by Tuukka Rask without a rebound.
7:38 of 3rd period - Patrice Bergeron wins face-off versus Kyle Brodziak in Bruins zone.
8:06 of 3rd period - Dennis Seidenberg is hit by Kyle Brodziak and loses puck.
8:19 of 3rd period - Shot by Evander Kane.
8:19 of 3rd period - Shot Misses the Net.
8:56 of 3rd period - Ladislav Smid is hit by Ryan Nugent-Hopkins and loses puck.
9:50 of 3rd period - Shot by Gabriel Bourque.
9:50 of 3rd period - Shot Misses the Net.
10:02 of 3rd period - Shot by David Steckel.
10:02 of 3rd period - Stopped by Tuukka Rask without a rebound.
10:03 of 3rd period - Kyle Brodziak wins face-off versus Patrice Bergeron in Bruins zone.
10:56 of 3rd period - Tyler Seguin is hit by Kevin Bieksa and loses puck.
11:22 of 3rd period - Shot by David Krejci.
11:22 of 3rd period - Stopped by Al Montoya without a rebound.
11:23 of 3rd period - Ryan Nugent-Hopkins wins face-off versus Kyle Okposo in Flyers zone.
11:32 of 3rd period - Shot by Ryan Nugent-Hopkins.
11:32 of 3rd period - Shot Blocked by Luke Schenn.
11:46 of 3rd period - Shot by Ladislav Smid.
11:46 of 3rd period - Shot Misses the Net.
11:48 of 3rd period - Shot by Ladislav Smid.
11:48 of 3rd period - Stopped by Tuukka Rask without a rebound.
11:49 of 3rd period - David Steckel wins face-off versus David Krejci in Bruins zone.
11:55 of 3rd period - Dennis Seidenberg is hit by David Steckel and loses puck.
12:19 of 3rd period - Minor Penalty to David Steckel for High sticking.
12:20 of 3rd period - Patrice Bergeron wins face-off versus Kyle Brodziak in Flyers zone.
12:37 of 3rd period - Shot by Evander Kane.
12:37 of 3rd period - Stopped by Al Montoya without a rebound.
12:38 of 3rd period - David Krejci wins face-off versus Kyle Brodziak in Flyers zone.
14:20 of 3rd period - Icing by Kevin Bieksa.
14:21 of 3rd period - Chris Kelly wins face-off versus Kyle Okposo in Flyers zone.
14:39 of 3rd period - Minor Penalty to Brian Lee for Holding.
14:40 of 3rd period - Kyle Brodziak wins face-off versus David Krejci in Flyers zone.
14:52 of 3rd period - Icing by Dennis Seidenberg.
14:53 of 3rd period - David Krejci wins face-off versus Kyle Brodziak in Bruins zone.
15:41 of 3rd period - Icing by Zdeno Chara.
15:42 of 3rd period - Kyle Brodziak wins face-off versus David Krejci in Bruins zone.
16:27 of 3rd period - Shot by Tyler Seguin.
16:27 of 3rd period - Shot Misses the Net.
16:44 of 3rd period - Minor Penalty to Brian Lee for Tripping.
16:45 of 3rd period - Kyle Brodziak wins face-off versus David Krejci in Flyers zone.
16:55 of 3rd period - Shot by Zdeno Chara.
16:55 of 3rd period - Shot Blocked by Ladislav Smid.
17:41 of 3rd period - Shot by Evander Kane.
17:41 of 3rd period - Shot Misses the Net.
17:43 of 3rd period - Shot by Patrice Bergeron.
17:43 of 3rd period - Stopped by Al Montoya without a rebound.
17:44 of 3rd period - Kyle Brodziak wins face-off versus Patrice Bergeron in Flyers zone.
17:50 of 3rd period - Icing by Zdeno Chara.
17:51 of 3rd period - Kyle Brodziak wins face-off versus Patrice Bergeron in Bruins zone.
19:16 of 3rd period - Kyle Okposo is hit by David Schlemko and loses puck.
19:44 of 3rd period - Milan Lucic is hit by Kevin Bieksa.


Output by the SimonT Hockey Simulator (STHS) for Stephane Roy -- Original Page W3C XHTML 1.0 Valid
Hockey Simulator - Hockey Simulation - Hockey Manager